 Dungeon Crawl Stone Soup version 0.23-a0-137-gef0ad6d46f (webtiles) character file.

2241 Napalmbreeze the Cleaver (level 9, -1/81 HPs)
             Began as a Deep Dwarf Fighter on Aug 29, 2018.
             Was an Initiate of Makhleb.
             Slain by an orc warrior
             ... wielding a +0 war axe
              (6 damage)
             ... on level 8 of the Dungeon.
             The game lasted 00:19:21 (5990 turns).

Napalmbreeze the Cleaver (Deep Dwarf Fighter)       Turns: 5990, Time: 00:19:22

Health: -1/81      AC: 14    Str: 21    XL:     9   Next: 14%
Magic:  9/9        EV: 10    Int: 12    God:    Makhleb [......]
Gold:   338        SH: 10    Dex: 19    Spells: 8/8 levels left

rFire    . . .     SeeInvis .   j - +0 rapier of the Firefly {elec, Int+4 Dex+4} (curse)
rCold    + . .     Gourm    .   c - +0 shield
rNeg     . . .     Faith    .   v - +0 scale mail {rPois}
rPois    +         Spirit   .   l - +0 helmet
rElec    .         Reflect  .   q - +1 cloak {rPois}
rCorr    .         Harm     .   i - +0 pair of gloves
MR       +....                  D - +0 pair of boots {run}
Stlth    ..........             (no amulet)
HPRegen  0.00/turn              h - ring of protection from cold
MPRegen  0.11/turn              (no ring)

@: non-regenerating, quick
A: damage resistance, heal wounds, sense surroundings 2, no regeneration
a: Heal Wounds, Renounce Religion


You were on level 8 of the Dungeon.
You worshipped Makhleb.
Makhleb was noncommittal.
You were not hungry.

You visited 2 branches of the dungeon, and saw 9 of its levels.
You also visited: Bailey.

You collected 338 gold pieces.

Inventory:

Hand Weapons
 j - the cursed +0 rapier of the Firefly (weapon) {elec, Int+4 Dex+4}
   (You found it on level 7 of the Dungeon)

   Occasionally, upon striking a foe, it will discharge some electrical energy
   and cause terrible harm.
   It affects your intelligence (+4).
   It affects your dexterity (+4).
   It has a curse placed upon it.
 r - a +3 war axe of holy wrath
Armour
 c - a +0 shield (worn)
 i - a +0 pair of gloves (worn)
 l - a +0 helmet (worn)
 q - a +1 cloak of poison resistance (worn)
 v - a +0 scale mail of poison resistance (worn)
 D - a +0 pair of boots of running (worn)
Jewellery
 h - a ring of protection from cold (left hand)
Wands
 z - a wand of iceblast (9)
Scrolls
 k - 2 scrolls of enchant armour
 m - 2 scrolls of blinking
 s - 3 scrolls of amnesia
 t - a scroll of teleportation
 w - a scroll of identify
 C - a scroll of acquirement
Potions
 d - 2 potions of might
 e - 4 potions of curing {unknown}
 g - 2 potions of invisibility {unknown}
 n - 7 potions of haste {unknown}
 o - 2 potions of resistance {unknown}
 p - 6 potions of heal wounds {unknown}
 x - a potion of cancellation {unknown}
 B - 2 potions of magic {unknown}
Comestibles
 f - 8 rations


   Skills:
 + Level 5.2 Fighting
 + Level 9.3 Axes
 + Level 7.2 Armour
 - Level 4.0 Dodging
 - Level 3.2 Shields
 * Level 2.8 Invocations


You had 8 spell levels left.
You didn't know any spells.
Your spell library contained the following spells:

 Spells                   Type           Power        Failure   Level  Hunger
 Animate Skeleton         Necr           N/A          98%         1    ##.....
 Apportation              Tloc           #.....       98%         1    ##.....
 Confusing Touch          Hex            #.....       98%         1    ##.....
 Flame Tongue             Conj/Fire      #....        98%         1    ##.....
 Summon Small Mammal      Summ           #...         98%         1    ##.....
 Shroud of Golubria       Chrm/Tloc      #.........   99%         2    ###....
 Song of Slaying          Chrm           #.......     99%         2    ###....
 Spectral Weapon          Hex/Chrm       #.......     100%        3    ####...
 Iskenderun's Battlesphe  Conj/Chrm      #.......     100%        5    ######.
 Ring of Flames           Chrm/Fire      #.........   100%        7    #######


Dungeon Overview and Level Annotations

Branches:
Dungeon (8/15)             Temple (1/1) D:7
   Lair: D:8-11

Altars:
Ashenzari
Cheibriados
Dithmenos
Elyvilon
Fedhas
Gozag
Hepliaklqana
Kikubaaqudgha
Makhleb
Nemelex Xobeh
Qazlal
Ru
Sif Muna
Trog
Uskayaw
Vehumet
Wu Jian
Xom
Yredelemnul
Zin
The Shining One

Shops:
D:4 [


Innate Abilities, Weirdness & Mutations

You are resistant to damage.
You can heal yourself by infusing magical energy.
You passively map the area around you.
You do not regenerate.


Message History

You block the orc's attack.
You hit the orc warrior but do no damage.
The orc warrior is lightly wounded.
The orc warrior hits you with a war axe!
* * * LOW HITPOINT WARNING * * *
The orc closely misses you. You block the orc's attack.
You hit the orc warrior but do no damage.
The orc warrior is lightly wounded.
You block the orc warrior's attack. You block the orc's attack.
The orc hits you but does no damage.
You barely miss the orc warrior.
The orc warrior is lightly wounded.
You block the orc's attack.
The orc warrior hits you with a war axe!
* * * LOW HITPOINT WARNING * * *
The orc hits you but does no damage. x2
You closely miss the orc warrior.
The orc warrior is lightly wounded.
The orc warrior hits you with a war axe!
You die...

* ** *** * * ** *** , ,
, ≈ , ###* *######## *
,, , *###.. ........###
, .... .........>.. * *
*#..#*###..####....#
..####..# #......##.....
#......o###......##....#
,
#.....o@..'.......+....+
,*
...###o####......##....#
, *
**#...........+...... ,
, #.####......##....# ,
, ,#. ##......##....# *
,#) #........!....# , ,
* #. #.............# ***
* ** * #.*
#.........##### , , ,,
###########


You could see an orc warrior and 2 orcs.

Vanquished Creatures
  A hippogriff (D:8)
  3 orc warriors (Bailey)
  3 ice beasts
  A phantom (D:7)
  A sky beast (D:6)
  2 centaurs
  2 bullfrogs
  Blork the orc (D:6)
  2 scorpions
  2 crimson imps
  2 jellies (D:6)
  A hound (D:6)
  2 orc priests
  A gnoll shaman (D:5)
  A bullfrog skeleton (D:5)
  7 orc wizards
  2 iguanas
  A worker ant (D:5)
  A worker ant zombie (D:5)
  4 adders
  10 gnolls
  2 shadow imps
  2 oozes
  3 worms
  6 dart slugs
  A leopard gecko (D:6)
  25 orcs
  A ball python (D:5)
  8 bats
  12 giant cockroaches
  15 goblins
  11 hobgoblins
  11 jackals
  2 quokkas
  5 frilled lizards
  19 kobolds
  6 rats
179 creatures vanquished.

Notes
Turn   | Place    | Note
-------+----------+-------------------------------------------
     0 | D:1      | Napalmbreeze the Deep Dwarf Fighter began the quest for the
                  | Orb.
     0 | D:1      | Reached XP level 1. HP: 20/20 MP: 1/1
    41 | D:1      | Reached XP level 2. HP: 27/27 MP: 2/2
   188 | D:1      | Reached skill level 1 in Dodging
   221 | D:1      | Reached skill level 3 in Axes
   221 | D:1      | Reached XP level 3. HP: 33/33 MP: 3/3
   904 | D:2      | Reached XP level 4. HP: 36/42 MP: 4/4
  1800 | D:3      | Reached skill level 4 in Axes
  1800 | D:3      | Reached XP level 5. HP: 36/49 MP: 5/5
  2085 | D:4      | Found Hinoso Tieki's Antique Armour Emporium.
  2280 | D:4      | Reached XP level 6. HP: 30/57 MP: 6/6
  2504 | D:5      | Entered Level 5 of the Dungeon
  2651 | D:5      | Reached skill level 5 in Axes
  2653 | D:5      | Found an opulent altar of Gozag.
  2782 | D:5      | Noticed an ice beast
  2796 | D:5      | Killed an ice beast
  2796 | D:5      | Reached XP level 7. HP: 38/64 MP: 7/7
  2844 | D:5      | Reached skill level 5 in Armour
  3017 | D:5      | Reached skill level 6 in Axes
  3182 | D:6      | Noticed Blork the orc
  3192 | D:6      | Killed Blork the orc
  3394 | D:6      | Identified the Volume of the Arsonist and Boosts
  3429 | D:6      | Found a sparkling altar of Nemelex Xobeh.
  3649 | D:6      | Reached XP level 8. HP: 58/73 MP: 7/7
  3706 | D:6      | Reached skill level 7 in Axes
  4042 | D:7      | Reached skill level 5 in Fighting
  4066 | D:7      | Got a slimy rapier
  4442 | D:7      | Found a staircase to the Ecumenical Temple.
  4472 | D:7      | Reached skill level 8 in Axes
  4608 | D:7      | Found a flagged portal.
  4631 | Bailey   | Entered a bailey
  4636 | Bailey   | Noticed an orc warlord
  4804 | Bailey   | Found a runed gate.
  4815 | Bailey   | Found a runed gate.
  4816 | Bailey   | Found a runed gate.
  4828 | Bailey   | Reached skill level 9 in Axes
  5009 | Temple   | Entered the Ecumenical Temple
  5112 | Temple   | Became a worshipper of Makhleb the Destroyer
  5163 | D:7      | Identified a +0 pair of boots of running (You found it in a
                  | bailey)
  5173 | D:7      | Identified the cursed +0 rapier of the Firefly {elec, Int+4
                  | Dex+4} (You found it on level 7 of the Dungeon)
  5176 | D:7      | Identified 2 scrolls of acquirement
  5907 | D:8      | Reached skill level 1 in Invocations
  5929 | D:8      | Noticed a hippogriff
  5941 | D:8      | Gained mutation: You passively map the area around you.
                  | [Deep Dwarf growth]
  5941 | D:8      | Reached XP level 9. HP: 48/81 MP: 6/8
  5990 | D:8      | Slain by an orc warrior

Vault maps used:
D:1:      dpeg_arrival_tiny_b
D:2:      cheibrodos_helix_gallery
D:4:      kennysheep_spiral_hall, serial_shops, nicolae_shop_behind_doors,
          first_ration
D:5:      basic_altar
D:6:      nemelex_spade_bored_becter, uniq_blork_the_orc
D:7:      minmay_temple_entry_butterflies, enter_bailey_7
D:8:      lemuel_coloured_pillars_altar, hangedman_little_slice_of_home,
          st_stairs_6
Temple:   kilobyte_greek_temple
Bailey:   bailey_axe_bossmonster_kennysheep, bailey

Skill      XL: |  1  2  3  4  5  6  7  8  9 |
---------------+----------------------------+-----
Dodging        | 1 2 3 4 |  4.0
Axes           | 3 4 5 6 9 |  9.3
Fighting       | 3 4 5 |  5.2
Armour         | 4 5 7 |  7.2
Invocations    | 1 2 |  2.8
Shields        | |  3.2

Action                   |  1- 3 |  4- 6 |  7- 9 || total
-------------------------+-------+-------+-------++-------
Melee: War axe           |   169 |   194 |   278 ||   641
       Rapier            |       |       |    46 ||    46
 Abil: Heal Wounds       |       |     1 |     9 ||    10
  Use: Scroll            |       |       |    12 ||    12
  Eat: Chunk             |       |     7 |     4 ||    11
       Ration            |       |       |     2 ||     2
Armor: Scale mail        |   112 |    91 |   149 ||   352
Dodge: Dodged            |    55 |    75 |   142 ||   272
Block: Shield            |    96 |   115 |   192 ||   403

Table legend:
 A = Non-vault XP
 B = Vault XP
 C = Vault XP percentage of total XP
 D = Non-vault monster count
 E = Vault monster count
 F = Vault count percentage of total count
                 A         B        C        D         E       F
            +---------+---------+-------+---------+---------+-------
      Total |    2647 |     555 |  17.3 |     150 |      29 |  16.2
            +---------+---------+-------+---------+---------+-------
        D:1 |      69 |       0 |   0.0 |      36 |       0 |   0.0
        D:2 |      61 |       4 |   6.2 |      23 |       2 |   8.0
        D:3 |      64 |       0 |   0.0 |      15 |       0 |   0.0
        D:4 |     209 |       7 |   3.2 |      11 |       2 |  15.4
        D:5 |     561 |       0 |   0.0 |      21 |       0 |   0.0
        D:6 |     658 |      87 |  11.7 |      24 |       1 |   4.0
        D:7 |     477 |      20 |   4.0 |       9 |       4 |  30.8
        D:8 |     548 |       0 |   0.0 |      11 |       0 |   0.0
     Bailey |       0 |     437 | 100.0 |       0 |      20 | 100.0
            +---------+---------+-------+---------+---------+-------
